 Dungeon Crawl Stone Soup version 0.31.0-11-ge490571c62 (webtiles) character file.

Game seed: 13196340584165821992

64 Gadfly the Insei (level 3, -1/28 (29) HPs)
             Began as a Demonspawn Monk on Feb 1, 2024.
             Slain by Crazy Yiuf
             ... wielding a +2 quarterstaff of chaos
              (9 damage)
             ... on level 2 of the Dungeon.
             The game lasted 00:02:43 (1452 turns).

Gadfly the Insei (Demonspawn Monk)                  Turns: 1452, Time: 00:02:43

HP:   -1/28 (29)    AC:  5    Str: 13    XL:     3   Next: 91%
MP:   4/4           EV: 13    Int: 10    God:
Gold: 56            SH:  0    Dex: 15    Spells: 2/2 levels left

rFire   . .          .
                       - Unarmed
rCold   . . .        (no shield)
rNeg    . . .        a - +1 robe
rPois   .            (helmet currently unavailable)
rElec   .            (cloak currently unavailable)
rCorr   .            (gloves currently unavailable)
SInv    .            (boots currently unavailable)
Will    .....        (no amulet)
Stlth   +            (no ring)
HPRegen 0.24/turn    (no ring)
MPRegen 0.09/turn

%: no passive effects
@: beast-form, attractive, lightly drained
A: beast (slay +0), slimy green scales 1
a: Begin Untransformation


You were on level 2 of the Dungeon.
You were a hulking beast.
You visited 1 branch of the dungeon, and saw 2 of its levels.

You collected 98 gold pieces.
You spent 42 gold pieces at shops.

Inventory:

Armour
 a - a +1 robe (worn)
 c - an orb of light
Talismans
 e - a beast talisman (active)
Scrolls
 b - a scroll of teleportation
 d - a scroll of summoning
 g - a scroll of enchant armour
 j - a scroll of identify {unknown}
Potions
 i - a potion of brilliance {unknown}


   Skills:
 - Level 3.0 Fighting
 + Level 3.0 Dodging
 * Level 3.1 Unarmed Combat
 * Level 1.9 Invocations
 * Level 1.4 Evocations
 * Level 1.1 Shapeshifting


You had 2 spell levels left.
You didn't know any spells.
Your spell library was empty.

Dungeon Overview and Level Annotations

Branches:
Dungeon (2/15)

Altars:

Shops:
D:1 ?

Annotations:
D:2 Crazy Yiuf


Innate Abilities, Weirdness & Mutations

You are a hulking beast.
Your limbs bulge with bestial killing power. (Slay +0)
You are partially covered in slimy green scales. (AC +2)


Message History

There is a stone staircase leading up here.
Found a stone staircase leading down.
There is a stone staircase leading down here.
There is an escape hatch in the ceiling here.
Found a hammer.
Found a runed translucent door.
No target in view!
No target in view!
You open the door. You hit Crazy Yiuf.
Crazy Yiuf is lightly wounded.
Crazy Yiuf closely misses you.
You hit Crazy Yiuf.
Crazy Yiuf is lightly wounded.
Crazy Yiuf hits you with a +2 quarterstaff of chaos!
You feel drained.
You hit Crazy Yiuf.
Crazy Yiuf is moderately wounded.
Crazy Yiuf misses you.
You hit Crazy Yiuf.
Crazy Yiuf is moderately wounded.
Crazy Yiuf hits you with a +2 quarterstaff of chaos!
You suddenly lose the ability to move!
You can move again.
You hit Crazy Yiuf.
Crazy Yiuf is heavily wounded.
Crazy Yiuf closely misses you.
You barely miss Crazy Yiuf.
Crazy Yiuf is heavily wounded.
Crazy Yiuf hits you with a +2 quarterstaff of chaos!
* * * LOW HITPOINT WARNING * * *
Crazy Yiuf freezes you.
* * * LOW HITPOINT WARNING * * *
Unknown command.
It was a potion of attraction.
You feel attractive to monsters.
Crazy Yiuf says, "Cod sing-song arm!"
Crazy Yiuf misses you.
It was a potion of curing.
You feel better.
Crazy Yiuf hits you with a +2 quarterstaff of chaos!
You die...

##...## ####.####.## #.#
##.....## #.........#
#.# ........#
#.....##.## #.#
##.....### ##########
#.##### ##......#
#.....# ###<..###
♣♣♣♣♣##.....# #...#.###
### ♣♣♣.♣...+.##..#
#.#.....#
#...#♣..♣......##..#
#.#.#####
#...gh♣♣♣♣......#..#
#.#.# #)..#♣♣
♣♣..'..#..# #.#.# ###
♣♣##..#).# #.#.#
#.....### #.#.##
#........ #....#
################.....##.
#.#.##
#.....##...#............
#.#.#
#..##.#####.###......##.
#.#.# #..##.## #.#
##.#.####.


You could see Crazy Yiuf.

Vanquished Creatures
  2 adders (D:2)
  A dart slug (D:2)
  A ribbon worm (D:2)
  3 bats
  4 endoplasms
  2 giant cockroaches
  3 goblins (D:1)
  8 hobgoblins
  A quokka (D:1)
  2 ball pythons
  A frilled lizard (D:1)
  5 kobolds
  6 rats (D:1)
39 creatures vanquished.

Notes
Turn   | Place    | Note
-------+----------+-------------------------------------------
     0 | D:1      | Gadfly the Demonspawn Monk began the quest for the Orb.
     0 | D:1      | Reached XP level 1. HP: 18/18 MP: 1/1
   119 | D:1      | Gained mutation: You are partially covered in slimy green
                  | scales. (AC +2) [demonic ancestry]
   119 | D:1      | Reached XP level 2. HP: 10/24 MP: 2/2
   249 | D:1      | Reached skill level 1 in Invocations
   540 | D:1      | Reached skill level 1 in Evocations
   589 | D:1      | Found Wirun's Magic Scroll Shop.
   614 | D:1      | Bought a scroll of teleportation for 42 gold pieces
   800 | D:2      | Reached XP level 3. HP: 21/29 MP: 4/4
   804 | D:2      | Reached skill level 1 in Shapeshifting
  1440 | D:2      | Found a runed translucent door.
  1441 | D:2      | Noticed Crazy Yiuf
  1448 | D:2      | Paralysed by Crazy Yiuf for 1 turns
  1450 | D:2      | HP: 1/28 [Crazy Yiuf/+2 quarterstaff of chaos (4)]
  1452 | D:2      | Slain by Crazy Yiuf

Illustrated notes

Levels and vault maps discovered:
D:1:      lightli_molten_gateway, layout_rooms, serial_shops, shop
D:2:      layout_loops_ring, uniq_crazy_yiuf_cottage

Skill      XL: |  1  2  3 |
---------------+----------+-----
Invocations    | 1 |  1.9
Evocations     | 1 |  1.4
Unarmed Combat | 3 |  3.1
Shapeshifting  | 1 |  1.1
Dodging        | 3 |  3.0
Fighting       | |  3.0

Action                     || total
---------------------------++-------
  Melee: Unarmed           ||   165
         Punch             ||     3
    Use: Scroll            ||     5
         Potion            ||     3
 Armour: Robe              ||    85
  Dodge: Dodged            ||   139
   Form: Beast             ||     1
